[Event "FIDE Women World Blitz 2021"]
[Site "Warsaw"]
[Date "2021.12.29"]
[Round "6.21"]
[White "Balajayeva, Khanim"]
[Black "Pourkashiyan, Atousa"]
[Result "1-0"]
[ECO "B22"]
[WhiteElo "2369"]
[BlackElo "2322"]
[Annotator "NA"]
[PlyCount "65"]
[EventDate "2021.12.29"]
[EventType "swiss"]
[EventCountry "POL"]
[Tiebreak "Cut1 Buchholz"]
[SourceTitle "playchess.com"]
[Source "ChessBase"]
[SourceQuality "1"]
[TimeControl "180+2"]

1. e4 c5 2. c3 Nf6 3. e5 Nd5 4. Nf3 e6 5. d4 cxd4 6. cxd4 d6 7. Bc4 Nc6 8. O-O Be7 9. Qe2 O-O 10. Rd1 a6 11. Bd2 Bd7 12. Nc3 Nxc3 13. Bxc3 Rc8 14. exd6 Bxd6 15. d5 exd5 16. Rxd5 Bb4 17. Rad1 Rc7 18. Be5 Nxe5 19. Nxe5 Qh4 20. Rxd7 Rxd7 21. Rxd7 Qf4 22. g3 Qc1+ 23. Kg2 b5 24. Bxf7+ Kh8 25. Bb3 Qc5 26. Nf7+ Kg8 27. Qe6 h6 28. Nxh6+ Kh7 29. Nf7 a5 30. Qh3+ Kg6 31. Qg4+ Kf6 32. Rd6+ Ke7 33. Qe6# 1-0

[Event "FIDE Women World Blitz 2021"]
[Site "Warsaw"]
[Date "2021.12.29"]
[Round "6.22"]
[White "Majdan, Joanna"]
[Black "Serikbay, Assel"]
[Result "1/2-1/2"]
[ECO "B49"]
[WhiteElo "2325"]
[BlackElo "2237"]
[Annotator "NA"]
[PlyCount "114"]
[EventDate "2021.12.29"]
[EventType "swiss"]
[EventCountry "POL"]
[Tiebreak "Cut1 Buchholz"]
[SourceTitle "playchess.com"]
[Source "ChessBase"]
[SourceQuality "1"]
[TimeControl "180+2"]

1. e4 c5 2. Nc3 e6 3. Nf3 Nc6 4. d4 cxd4 5. Nxd4 a6 6. Be2 Nf6 7. O-O Qc7 8. Be3 b5 9. Nxc6 dxc6 10. f4 Be7 11. Bf3 O-O 12. Qe2 Bb7 13.
g4 c5 14. g5 Ne8 15. f5 exf5 16. exf5 Bd6 17. Nd5 Bxd5 18. Bxd5 Rd8 19. Rad1 Qe7 20. g6 Nf6 21. Bxf7+ Kh8 22. Qf3 c4 23. Bf4 Bc5+ 24. Kg2 Bd6 25. Bxd6 Rxd6 26. Rxd6 Qxd6 27. Rd1 Qe5 28. c3 b4 29. Rd2 bxc3 30. bxc3 Qe4 31. Qxe4 Nxe4 32. Rd4 Nxc3 33. Rxc4 Nb5 34. Rh4 h6 35. Ra4 Nd6 36. Rxa6 Nxf7 37. gxf7 Rxf7 38. Kg3 Rxf5 39. a4 Rf1 40. Rb6 Ra1 41. Rb4 Kh7 42. h4 h5 43. Kf4 Kh6 44. Rb6+ g6 45.
Rb4 Rf1+ 46. Ke5 Rf5+ 47. Kd6 g5 48. hxg5+ Kxg5 49. Kc6 h4 50. Kb6 h3 51. a5 h2 52. Rb1 Kg4 53. a6 Kg3 54. Rh1 Kg2 55. Rxh2+ Kxh2 56. a7 Rf8 57. Kb7 Kg3 1/2-1/2

[Event "FIDE Women World Blitz 2021"]
[Site "Warsaw"]
[Date "2021.12.29"]
[Round "6.23"]
[White "Salimova, Nurgyul"]
[Black "Kulon, Klaudia"]
[Result "0-1"]
[ECO "B07"]
[WhiteElo "2353"]
[BlackElo "2328"]
[Annotator "NA"]
[PlyCount "78"]
[EventDate "2021.12.29"]
[EventType "swiss"]
[EventCountry "POL"]
[Tiebreak "Cut1 Buchholz"]
[SourceTitle "playchess.com"]
[Source "ChessBase"]
[SourceQuality "1"]
[TimeControl "180+2"]

1. d4 Nf6 2. Nc3 g6 3. e4 d6 4. h3 Bg7 5. Be3 O-O 6. Qd2 a6 7. Bh6 b5 8. Bxg7 Kxg7 9. Bd3 c5 10. dxc5 dxc5 11. e5 Ne8 12. Nf3 Bb7 13. O-O-O Nc6 14. h4 c4 15. h5 Rh8 16. hxg6 h6 17. gxf7 cxd3 18. Rxh6 Rxh6 19. Qxh6+ Kxh6 20. f8=Q+ Ng7 21. Rh1+ Kg6 22. Nh4+ Kh7 23. Nf5+ Kg6 24. Rh6+ Kg5 25. Qxg7+ Kxf5 26. Qf7+ Kxe5 27. Re6+ Kd4 28. Qf4+ Kc5 29. Qe3+ Nd4 30. Rxe7 Kb6 31. Re6+ Ka7 32. Re7 Rc8 33. cxd3 Ka8 34. Re5 b4 35. Kb1 bxc3 36. bxc3 Qb6+ 37. Kc1 Rxc3+ 38. Kd2 Qb2+ 39. Ke1 Rc1+ 0-1

[Event "FIDE Women World Blitz 2021"]
[Site "Warsaw"]
[Date "2021.12.29"]
[Round "6.24"]
[White "Dzagnidze, Nana"]
[Black "Hryzlova, Sofiia"]
[Result "1-0"]
[ECO "D37"]
[WhiteElo "2524"]
[BlackElo "2097"]
[Annotator "ChessBase"]
[PlyCount "63"]
[EventDate "2021.12.29"]
[EventType "swiss"]
[EventCountry "POL"]
[Tiebreak "Cut1 Buchholz"]
[SourceTitle "playchess.com"]
[Source "ChessBase"]
[SourceQuality "1"]
[TimeControl "180+2"]

1. d4 Nf6 2. c4 e6 3. Nf3 d5 4. Nc3 a6 5. cxd5 exd5 6. Bg5 Be6 7. e3 Bd6 8. Bd3 Nbd7 9. O-O h6 10. Bh4 O-O 11. Qc2 c6 12. a3 Qc7 13.
Bg3 Rfe8 14. b4 Bxg3 15. hxg3 Nb6 16. a4 Nc8 17. a5 Nd6 18.
Ne5 Nd7 19. f4 Nxe5 20. fxe5 Nc4 21. Bxc4 dxc4 22. Ne4 Bd5 23. Nd6 Re7 24. Nxc4 Rf8 25. Rf4 Re6 26. Nb6 Qd8 27. Raf1 Rg6 28. Qxg6 fxg6 29. Rxf8+ Qxf8 30. Rxf8+ Kxf8 31. Nd7+ Ke7 32. Nc5 1-0

[Event "FIDE Women World Blitz 2021"]
[Site "Warsaw"]
[Date "2021.12.29"]
[Round "6.25"]
[White "Garifullina, Leya"]
[Black "Lagno, Kateryna"]
[Result "0-1"]
[ECO "C67"]
[WhiteElo "2416"]
[BlackElo "2550"]
[Annotator "ChessBase"]
[PlyCount "103"]
[EventDate "2021.12.29"]
[EventType "swiss"]
[EventCountry "POL"]
[Tiebreak "Cut1 Buchholz"]
[SourceTitle "playchess.com"]
[Source "ChessBase"]
[SourceQuality "1"]
[TimeControl "180+2"]

1. e4 e5 2. Nf3 Nc6 3. Bb5 Nf6 4. O-O Nxe4 5. d4 Nd6 6.
Bxc6 dxc6 7. dxe5 Nf5 8. Qxd8+ Kxd8 9. Nc3 Be7 10. h3 Nh4 11. Nxh4 Bxh4 12. Be3 Be7 13. Ne2 Bd7 14. g4 h5 15. f3 Kc8 16. Rad1 b6 17. Kg2 a5 18. Nf4 hxg4 19. hxg4 Bg5 20. Bc1 Bxf4 21. Bxf4 Be6 22. b3 a4 23. Rh1 Rxh1 24. Kxh1 Bd5 25. Kg2 axb3 26. axb3 Kb7 27. Kf2 Be6 28. Be3 c5 29. c4 Ra3 30. Rb1 Kc6 31. Rb2 g6 32. Ke2 Ra1 33. Bf2 Ra5 34. Be3 Ra8 35. Rd2 Ra3 36. Rb2 Kb7 37. Bf2 Ka6 38. Be3 Kb7 39. Bf2 Kc6 40. Be3 Ra8 41. Bf2 Rb8 42. Rc2 Ra8 43. Be3 Ra3 44. Rb2 b5 45. cxb5+ Kxb5 46. Rc2 c4 47. bxc4+ Bxc4+ 48. Kf2 c5 49. Rc1 Ra4 50. Rc2 Kc6 51. Rd2 Be6 52. Rd6+ 0-1

[Event "FIDE Women World Blitz 2021"]
[Site "Warsaw"]
[Date "2021.12.29"]
[Round "6.26"]
[White "Kiolbasa, Oliwia"]
[Black "Kashlinskaya, Alina"]
[Result "1/2-1/2"]
[ECO "C43"]
[WhiteElo "2403"]
[BlackElo "2482"]
[Annotator "ChessBase"]
[PlyCount "106"]
[EventDate "2021.12.29"]
[EventType "swiss"]
[EventCountry "POL"]
[Tiebreak "Cut1 Buchholz"]
[SourceTitle "playchess.com"]
[Source "ChessBase"]
[SourceQuality "1"]
[TimeControl "180+2"]

1. e4 e5 2. Nf3 Nf6 3. d4 Nxe4 4. Bd3 d5 5. Nxe5 Nd7 6.
Nxd7 Bxd7 7. O-O Bd6 8. Qh5 O-O 9. Qxd5 Bc6 10. Qh5 g6 11. Qh6 Qf6 12. c3 Rfe8 13. Be3 Bf8 14. Qf4 Qg7 15. Nd2 Nf6 16. Qxc7 Nd5 17. Qg3 f5 18. Nc4 Rad8 19. Rfe1 Bb5 20. a4 Ba6 21. Ne5 Bxd3 22. Nxd3 Nf6 23. Ne5 Ne4 24. Qf3 Bd6 25. Nc4 Bc7 26. Bf4 Rc8 27. Bxc7 Qxc7 28. Ne5 Qb6 29. Rxe4 fxe4 30. Qf7+ Kh8 31. Re1 Rf8 32. Qe7 Rce8 33. Qa3 Qf6 34. Ng4 Qf4 35. h3 Qd2 36. Rf1 Qf4 37. Qc5 h5 38. Ne3 Rc8 39. Qxa7 Qf7 40.
Qb6 Kh7 41. a5 Rc6 42. Qb5 Rf6 43. Qe2 Qb3 44. Nd1 Qa4 45. Qxe4 R8f7 46. b4 Qa2 47. Qe3 Qc4 48. Nb2 Qb3 49. Nd1 Qc4 50. Nb2 Qb3 51. Nd1 Qc4 52. Nb2 Qb3 53. Nd1 Qc4 1/2-1/2

[Event "FIDE Women World Blitz 2021"]
[Site "Warsaw"]
[Date "2021.12.29"]
[Round "6.27"]
[White "Movsesian, Julia"]
[Black "Badelka, Olga"]
[Result "0-1"]
[ECO "C54"]
[WhiteElo "2322"]
[BlackElo "2188"]
[Annotator "NA"]
[PlyCount "74"]
[EventDate "2021.12.29"]
[EventType "swiss"]
[EventCountry "POL"]
[Tiebreak "Cut1 Buchholz"]
[SourceTitle "playchess.com"]
[Source "ChessBase"]
[SourceQuality "1"]
[TimeControl "180+2"]

1. e4 e5 2. Nf3 Nc6 3. Bc4 Bc5 4. c3 Nf6 5. d3 h6 6. O-O d6 7. Nbd2 O-O 8. b4 Bb6 9. a4 a5 10. b5 Ne7 11. h3 Ng6 12. Bb3 d5 13.
Re1 dxe4 14. Nxe4 Nxe4 15. dxe4 Qf6 16. Be3 Rd8 17. Qe2 Bxe3 18. Qxe3 Nf4 19. Rad1 Bxh3 20. Nxe5 Qxe5 21. gxh3 Rxd1 22. Bxd1 Rd8 23. Bc2 Rd6 24. Kh1 Rg6 25. Qf3 Rf6 26. Qe3 Rd6 27. Rd1 Rxd1+ 28. Bxd1 g5 29. Bg4 Qd6 30. Bf5 Qd1+ 31. Kh2 Qf1 32. Qg3 Ne2 33. Qg2 Qxg2+ 34. Kxg2 Nxc3 35. e5 Nxa4 36. Kf3 Nc3 37. Ke3 Nxb5 0-1

[Event "FIDE Women World Blitz 2021"]
[Site "Warsaw"]
[Date "2021.12.29"]
[Round "6.28"]
[White "Injac, Teodora"]
[Black "Ovod, Evgenija"]
[Result "1-0"]
[ECO "E06"]
[WhiteElo "2387"]
[BlackElo "2366"]
[Annotator "NA"]
[PlyCount "85"]
[EventDate "2021.12.29"]
[EventType "swiss"]
[EventCountry "POL"]
[Tiebreak "Cut1 Buchholz"]
[SourceTitle "playchess.com"]
[Source "ChessBase"]
[SourceQuality "1"]
[TimeControl "180+2"]

1. d4 d5 2. c4 e6 3. Nf3 Nf6 4. g3 Be7 5. Bg2 O-O 6. Qc2 c5 7. dxc5 d4 8. b4 a5 9. b5 Bxc5 10. O-O Nbd7 11. Nbd2 a4 12. Rd1 e5 13. Ng5 h6 14. Nge4 Nxe4 15. Nxe4 Qc7 16. Nxc5 Nxc5 17. Ba3 Be6 18. Rac1 Rfd8 19. e3 dxe3 20. fxe3 Rxd1+ 21. Rxd1 Rc8 22. Qc3 b6 23. Bc6 f6 24. Bxc5 bxc5 25. Qd3 Qf7 26. Qd6 Bxc4 27. Qxc5 Bxa2 28. b6 Kh8 29. Qd6 Bb3 30. b7 Qg8 31.
bxc8=Q Qxc8 32. Qd8+ Qxd8 33. Rxd8+ Kh7 34. Ra8 Kg6 35. Bxa4 Bd5 36. Ra7 h5 37. h4 Kh6 38. Kf2 Be4 39. Bb5 g5 40. Ra6 Kg6 41.
Be8+ Kg7 42. Bxh5 gxh4 43. gxh4 1-0

[Event "FIDE Women World Blitz 2021"]
[Site "Warsaw"]
[Date "2021.12.29"]
[Round "6.29"]
[White "Jarocka, Liwia"]
[Black "Girya, Olga"]
[Result "0-1"]
[ECO "D04"]
[WhiteElo "1851"]
[BlackElo "2402"]
[Annotator "NA"]
[PlyCount "122"]
[EventDate "2021.12.29"]
[EventType "swiss"]
[EventCountry "POL"]
[Tiebreak "Cut1 Buchholz"]
[SourceTitle "playchess.com"]
[Source "ChessBase"]
[SourceQuality "1"]
[TimeControl "180+2"]

1. Nf3 d5 2. b3 Bf5 3. Bb2 e6 4. e3 Nf6 5. d4 h6 6. Bd3 Bxd3 7. Qxd3 Nbd7 8. O-O Be7 9. Nbd2 O-O 10. c4 c6 11. Rad1 a5 12. e4 dxe4 13. Nxe4 Nxe4 14. Qxe4 Nf6 15. Qe2 a4 16. Ne5 axb3 17. axb3 Re8 18. Ra1 Qb6 19. Qc2 c5 20. Rfd1 cxd4 21. Bxd4 Bc5 22. Bxc5 Qxc5 23. Nd3 Qd4 24. Qb2 Rxa1 25. Qxa1 Rd8 26. Qxd4 Rxd4 27. Nb2 Rxd1+ 28. Nxd1 Ne4 29. Nb2 Kf8 30. b4 Ke7 31. f3 Nd6 32. Kf2 Nf5 33. g4 Nd4 34. Nd3 Kd6 35. Nc5 Kc6 36. Nd3 Kd6 37. Nc5 b6 38. Nd3 Nc2 39. c5+ bxc5 40. bxc5+ Kd5 41. c6 Kd6 42. h4 Nd4 43. Ne5 f6 44. Nf7+ Kxc6 45. g5 fxg5 46. hxg5 h5 47. Ne5+ Kd5 48. Ng6 Nf5 49. Nf4+ Ke5 50. Nxh5 Kd5 51. Nf4+ Ke5 52. Nh5 Kd4 53. Nf4 e5 54. Ne2+ Kd3 55. Nc1+ Kd4 56. Ne2+ Kd5 57. Nc3+ Kc4 58. Ne4 Kd4 59. Nd2 Nd6 60. Nb3+ Kd5 61. Nd2 Ke6 0-1

[Event "FIDE Women World Blitz 2021"]
[Site "Warsaw"]
[Date "2021.12.29"]
[Round "6.30"]
[White "Cyfka, Karina"]
[Black "Dylag, Emilia"]
[Result "1-0"]
[ECO "D38"]
[WhiteElo "2416"]
[BlackElo "1863"]
[Annotator "NA"]
[PlyCount "64"]
[EventDate "2021.12.29"]
[EventType "swiss"]
[EventCountry "POL"]
[Tiebreak "Cut1 Buchholz"]
[SourceTitle "playchess.com"]
[Source "ChessBase"]
[SourceQuality "1"]
[TimeControl "180+2"]

1. d4 d5 2. c4 e6 3. Nf3 Nf6 4. Nc3 Bb4 5. Qa4+ Nc6 6. e3 O-O 7. Bd2 a6 8. Qc2 b6 9. cxd5 exd5 10. Bd3 Bb7 11. O-O Bd6 12. a3 Re8 13.
Rfe1 h6 14. Rac1 Nb8 15. Ne2 Nbd7 16. Qb3 Ne4 17. Ng3 Qf6 18. Re2 c5 19. Bb1 Rac8 20. Bc3 c4 21. Qc2 b5 22. Nd2 g6 23.
Ndxe4 dxe4 24. Qd1 Nb6 25. d5 Qd8 26. Nxe4 Bxd5 27. Nf6+ Kf8 28. Rd2 Rc5 29. e4 Bc6 30. Rxd6 Qe7 31. Nxe8 Kxe8 32. Bb4 Rg5 1-0

[Event "FIDE Women World Blitz 2021"]
[Site "Warsaw"]
[Date "2021.12.29"]
[Round "6.31"]
[White "Kucharska, Honorata"]
[Black "Berend, Elvira"]
[Result "1-0"]
[ECO "D94"]
[WhiteElo "2168"]
[BlackElo "2328"]
[Annotator "NA"]
[PlyCount "115"]
[EventDate "2021.12.29"]
[EventType "swiss"]
[EventCountry "POL"]
[Tiebreak "Cut1 Buchholz"]
[SourceTitle "playchess.com"]
[Source "ChessBase"]
[SourceQuality "1"]
[TimeControl "180+2"]

1. d4 Nf6 2. c4 c5 3. e3 g6 4. Nf3 Bg7 5. Nc3 O-O 6. Be2 cxd4 7. exd4 d5 8.
c5 Nc6 9. O-O Ne4 10. Be3 Nxc3 11. bxc3 b6 12. Bb5 Na5 13. cxb6 Qxb6 14. Rb1 Qc7 15. Qd2 Bf5 16. Rbc1 Nc4 17. Bxc4 Qxc4 18. Bh6 Rab8 19. Bxg7 Kxg7 20. Ne5 Qc7 21. c4 dxc4 22. Rxc4 Qd6 23. Rc6 Qd5 24. Rc5 Qb7 25. Nc4 Rbd8 26. Ne3 Be6 27. d5 Kg8 28. Qa5 Bd7 29. Rc7 Qb6 30. Qxa7 Qxa7 31. Rxa7 e6 32. d6 Bb5 33. Rd1 Ra8 34. Rxa8 Rxa8 35. Rd2 Kf8 36. h4 h6 37. Rb2 Bd3 38. Ng4 Rd8 39. Rb6 Kg7 40. Ne5 Be4 41. a4 Kf6 42. Ng4+ Kg7 43. a5 h5 44. Ne3 Kf6 45. f3 Bd5 46. Nxd5+ exd5 47. a6 Ke6 48. a7 Ra8 49. Ra6 Kd7 50. Kf2 Kc8 51. Ke3 Kb7 52.
Ra1 Kc6 53. Kd4 Kxd6 54. Ra6+ Ke7 55. Kxd5 Kd7 56. Ra2 Kc7 57. Ke5 Kb7 58. Ke4 1-0

[Event "FIDE Women World Blitz 2021"]
[Site "Warsaw"]
[Date "2021.12.29"]
[Round "6.32"]
[White "Padmini, Rout"]
[Black "Zawadzka, Jolanta"]
[Result "1/2-1/2"]
[ECO "E03"]
[WhiteElo "2353"]
[BlackElo "2429"]
[Annotator "NA"]
[PlyCount "76"]
[EventDate "2021.12.29"]
[EventType "swiss"]
[EventCountry "POL"]
[Tiebreak "Cut1 Buchholz"]
[SourceTitle "playchess.com"]
[Source "ChessBase"]
[SourceQuality "1"]
[TimeControl "180+2"]

1. c4 e6 2. g3 d5 3. Bg2 Nf6 4. d4 dxc4 5. Qa4+ Nbd7 6. Qxc4 a6 7. Nf3 b5 8. Qc2 Bb7 9. a4 Bd6 10. Na3 O-O 11. O-O Be4 12. Qd1 c5 13.
Bg5 Rb8 14. axb5 axb5 15. Nb1 h6 16. Bxf6 Nxf6 17. Nc3 Bc6 18.
dxc5 Bxc5 19. Qxd8 Rfxd8 20. Ne5 Bxg2 21. Kxg2 Rd2 22. Nd3 Bd4 23. Kf3 Bxc3 24. bxc3 Nd5 25. Rfc1 Rc8 26. Ra3 f5 27. Rb3 Ra2 28. Rxb5 Ra4 29. Nf4 Nxf4 30. gxf4 Ra3 31. e3 Raxc3 32. Rxc3 Rxc3 33. Rb7 Rc6 34. h4 Kf8 35. h5 Rc1 36. Kg2 Rc2 37. Kg3 Rc1 38. Kg2 Rc2 1/2-1/2

[Event "FIDE Women World Blitz 2021"]
[Site "Warsaw"]
[Date "2021.12.29"]
[Round "6.33"]
[White "Doluhanova, Evgeniya"]
[Black "Dworakowska, Joanna"]
[Result "0-1"]
[ECO "E14"]
[WhiteElo "2237"]
[BlackElo "2228"]
[Annotator "NA"]
[PlyCount "80"]
[EventDate "2021.12.29"]
[EventType "swiss"]
[EventCountry "POL"]
[Tiebreak "Cut1 Buchholz"]
[SourceTitle "playchess.com"]
[Source "ChessBase"]
[SourceQuality "1"]
[TimeControl "180+2"]

1. Nf3 d5 2. b3 Nf6 3. Bb2 e6 4. e3 Be7 5. Be2 O-O 6. O-O b6 7. c4 Bb7 8. Nc3 Nbd7 9. d4 Ne4 10. Rc1 Rc8 11. h3 f5 12. cxd5 exd5 13.
Ne5 Bd6 14. Nxe4 fxe4 15. Nxd7 Qxd7 16. Bg4 Qe7 17. Bxc8 Bxc8 18. f4 Rf6 19. Qh5 Be6 20. Qh4 Qf7 21. Rc2 Bd7 22. a4 Bc8 23. Bc3 a5 24. Be1 Ba6 25. Rff2 Bd3 26. Rc6 Qe8 27. Rc1 Rg6 28. Rd2 Be7 29. Qf2 Ba6 30. Rdc2 Bd6 31. Qh4 Be7 32. Qf2 Bd6 33. Rxc7 Bxc7 34. Rxc7 Rc6 35. Rxc6 Qxc6 36. Kh2 Bd3 37. Qh4 h6 38. Qd8+ Kh7 39. Bh4 Bc2 40. Qd6 Qxd6 0-1

[Event "FIDE Women World Blitz 2021"]
[Site "Warsaw"]
[Date "2021.12.29"]
[Round "6.34"]
[White "Goraj, Barbara"]
[Black "Strutinskaia, Galina"]
[Result "0-1"]
[ECO "A09"]
[WhiteElo "1902"]
[BlackElo "2188"]
[Annotator "NA"]
[PlyCount "116"]
[EventDate "2021.12.29"]
[EventType "swiss"]
[EventCountry "POL"]
[Tiebreak "Cut1 Buchholz"]
[SourceTitle "playchess.com"]
[Source "ChessBase"]
[SourceQuality "1"]
[TimeControl "180+2"]

1. Nf3 d5 2. c4 d4 3. b4 a5 4. Bb2 c5 5. bxc5 Nc6 6. e3 e5 7. exd4 exd4 8.
Bd3 Bxc5 9. O-O Nge7 10. Re1 Bg4 11. h3 Bh5 12. Na3 Bg6 13.
Bxg6 hxg6 14. Nb5 O-O 15. d3 Nf5 16. a3 a4 17. Qd2 Na5 18.
Qf4 Nb3 19. Rad1 Ra6 20. h4 Rf6 21. Qe4 b6 22. Ne5 Re6 23.
h5 f6 24. hxg6 Rxe5 25. Qg4 Nh6 26. Qf3 Rfe8 27. Rxe5 Rxe5 28. g3 Qe8 29. Kg2 Qxg6 30. Qa8+ Re8 31. Qxa4 Re2 32. Qxb3 Ng4 33. Rf1 Ne3+ 34. Kg1 Nxf1 35. Kxf1 Qh5 36. Bxd4 Re7 37. Kg2 Kh7 38. Bxc5 Qxc5 39. Nc3 Qd4 40. Ne4 f5 41. Ng5+ Kg6 42. Nf3 Qc5 43. d4 Qc7 44. Ne5+ Kh7 45. Qd3 g6 46. a4 Qb7+ 47. Kg1 Qe4 48.
Qd2 Ra7 49. Qd1 Kg7 50. f3 Qe3+ 51. Kg2 Kf6 52. Qb1 Qxd4 53.
Nc6 Qd2+ 54. Kg1 Rxa4 55. Nb4 Rxb4 56. Qa1+ Qb2 57. Qa8 Qc1+ 58. Kg2 Rb2+ 0-1

[Event "FIDE Women World Blitz 2021"]
[Site "Warsaw"]
[Date "2021.12.29"]
[Round "6.35"]
[White "Fernandez, Maria Florencia"]
[Black "Yakimova, Mariya"]
[Result "0-1"]
[ECO "E73"]
[WhiteElo "2184"]
[BlackElo "2219"]
[Annotator "NA"]
[PlyCount "32"]
[EventDate "2021.12.29"]
[EventType "swiss"]
[EventCountry "POL"]
[Tiebreak "Cut1 Buchholz"]
[SourceTitle "playchess.com"]
[Source "ChessBase"]
[SourceQuality "1"]
[TimeControl "180+2"]

1. d4 Nf6 2. c4 g6 3. Nc3 Bg7 4. e4 d6 5. Be2 O-O 6. Be3 e5 7. d5 Na6 8. g4 Nc5 9. f3 h5 10. g5 Nh7 11. h4 f6 12. Qd2 fxg5 13. hxg5 Rf4 14. Bxf4 exf4 15. Qxf4 Nxg5 16. O-O-O Be5 0-1

[Event "FIDE Women World Blitz 2021"]
[Site "Warsaw"]
[Date "2021.12.29"]
[Round "6.36"]
[White "Smietanska, Wiktoria"]
[Black "Maisuradze, Nino"]
[Result "0-1"]
[ECO "A27"]
[WhiteElo "1765"]
[BlackElo "2175"]
[Annotator "NA"]
[PlyCount "92"]
[EventDate "2021.12.29"]
[EventType "swiss"]
[EventCountry "POL"]
[Tiebreak "Cut1 Buchholz"]
[SourceTitle "playchess.com"]
[Source "ChessBase"]
[SourceQuality "1"]
[TimeControl "180+2"]

1. c4 e5 2. Nc3 Nc6 3. Nf3 f5 4. g3 e4 5. Nh4 d6 6. Ng2 Nf6 7. h4 Ne5 8. b3 c6 9. Bb2 Qe7 10. Nf4 g6 11. Bg2 Bh6 12. d4 exd3 13.
Nxd3 Bd7 14. O-O O-O 15. e4 fxe4 16. Nxe4 Nxe4 17. Bxe4 Bg4 18. Qc2 Nf3+ 19. Bxf3 Bxf3 20. Rae1 Qd7 21. Qc3 Bg7 22. Qxg7+ Qxg7 23. Bxg7 Kxg7 24. Nf4 Rfe8 25. Ne6+ Kf6 26. Nf4 a5 27. Rc1 a4 28. b4 Be4 29. a3 Bf5 30. Rfd1 Rad8 31. Rd2 Re4 32. Kg2 h6 33. Nd3 Rd4 34. Rc3 d5 35. c5 Re8 36. Kf3 Be4+ 37. Kf4 Bxd3+ 38. Kf3 Be4+ 39. Kf4 Bg2+ 40. Rxd4 g5+ 41. hxg5+ hxg5+ 42. Kg4 Rf8 43. f4 Bf1 44.
fxg5+ Kg6 45. Rf4 Be2+ 46. Kh4 Rh8# 0-1

[Event "FIDE Women World Blitz 2021"]
[Site "Warsaw"]
[Date "2021.12.29"]
[Round "6.37"]
[White "Sandu, Mihaela"]
[Black "Loskutova, Viktoriya"]
[Result "0-1"]
[ECO "B92"]
[WhiteElo "2244"]
[BlackElo "2195"]
[Annotator "NA"]
[PlyCount "67"]
[EventDate "2021.12.29"]
[EventType "swiss"]
[EventCountry "POL"]
[Tiebreak "Cut1 Buchholz"]
[SourceTitle "playchess.com"]
[Source "ChessBase"]
[SourceQuality "1"]
[TimeControl "180+2"]

1. e4 c5 2. Nf3 d6 3. d4 cxd4 4. Nxd4 Nf6 5. Nc3 a6 6. Be2 e5 7. Nb3 Be7 8. O-O O-O 9. Be3 Be6 10. Qd2 Nbd7 11. a4 Nb6 12. a5 Nc4 13.
Bxc4 Bxc4 14. Rfd1 Qc7 15. f3 Rac8 16. Nc1 Qc6 17. Nd3 Bxd3 18.
Qxd3 h6 19. Ra4 Rfd8 20. Raa1 Rd7 21. Rd2 Bd8 22. Kh1 Bc7 23. Nd5 Nxd5 24. exd5 Qb5 25. c4 Qb4 26. b3 Bxa5 27. Rc2 b5 28. Bd2 Qc5 29. Bxa5 b4 30. Ra4 Rb8 31. Qd2 Rdb7 32. Rca2 g6 33. h3 Kg7 34. Ra1 0-1

[Event "FIDE Women World Blitz 2021"]
[Site "Warsaw"]
[Date "2021.12.29"]
[Round "6.38"]
[White "Sliwicka, Alicja"]
[Black "Bartel, Marta"]
[Result "0-1"]
[ECO "B80"]
[WhiteElo "2303"]
[BlackElo "2192"]
[Annotator "NA"]
[PlyCount "80"]
[EventDate "2021.12.29"]
[EventType "swiss"]
[EventCountry "POL"]
[Tiebreak "Cut1 Buchholz"]
[SourceTitle "playchess.com"]
[Source "ChessBase"]
[SourceQuality "1"]
[TimeControl "180+2"]

1. e4 c5 2. Nf3 Nc6 3. d4 cxd4 4. Nxd4 Nf6 5. Nc3 d6 6. Nb3 e6 7. Bd3 a6 8. O-O b5 9. f4 Bb7 10. Qf3 Qc7 11. Bd2 b4 12. Na4 e5 13. c3 bxc3 14. Bxc3 Be7 15. Rac1 Qd8 16. Kh1 O-O 17. Rfd1 exf4 18. Qxf4 Ne5 19. Bb1 Nfg4 20. Bd2 h6 21. h3 Bg5 22. Qf1 Ne3 23. Bxe3 Bxe3 24. Rc3 Ba7 25. Nac5 Bc6 26. Nd3 Bb5 27. a4 Bxd3 28. Bxd3 Qh4 29. Nd2 Ng4 30. Nf3 Nf2+ 31. Kh2 Qf4+ 32. g3 Qxf3 33. Rd2 Qf6 34. Be2 Qe5 35. Rf3 Nxe4 36. Rdd3 Rac8 37. Rf5 Qe6 38. Qf3 Rc2 39. Kh1 Ng5 40. Qd5 Qxe2 0-1

[Event "FIDE Women World Blitz 2021"]
[Site "Warsaw"]
[Date "2021.12.29"]
[Round "6.39"]
[White "Kovanova, Baira"]
[Black "Wikar, Martyna"]
[Result "1/2-1/2"]
[ECO "B31"]
[WhiteElo "2331"]
[BlackElo "1899"]
[Annotator "NA"]
[PlyCount "32"]
[EventDate "2021.12.29"]
[EventType "swiss"]
[EventCountry "POL"]
[Tiebreak "Cut1 Buchholz"]
[SourceTitle "playchess.com"]
[Source "ChessBase"]
[SourceQuality "1"]
[TimeControl "180+2"]

1. e4 c5 2. Nf3 Nc6 3. Bb5 g6 4. Bxc6 dxc6 5. h3 Bg7 6. d3 e5 7. Be3 b6 8. a4 Ne7 9. Nbd2 O-O 10. Nc4 Qc7 11. O-O Be6 12. Qc1 f5 13.
Bh6 fxe4 14. Bxg7 exf3 15. Bxe5 Qd7 16. Qg5 Rf5 1/2-1/2

[Event "FIDE Women World Blitz 2021"]
[Site "Warsaw"]
[Date "2021.12.29"]
[Round "7.1"]
[White "Shuvalova, Polina"]
[Black "Goryachkina, Aleksandra"]
[Result "1-0"]
[ECO "B12"]
[WhiteElo "2515"]
[BlackElo "2604"]
[Annotator "ChessBase"]
[PlyCount "65"]
[EventDate "2021.12.29"]
[EventType "swiss"]
[EventCountry "POL"]
[Tiebreak "Cut1 Buchholz"]
[SourceTitle "playchess.com"]
[Source "ChessBase"]
[SourceQuality "1"]
[TimeControl "180+2"]

1. e4 c6 2. d4 d5 3. e5 c5 4. dxc5 e6 5. a3 Bxc5 6. Bd3 Ne7 7. Nf3 Nd7 8.
O-O Ng6 9. Qe2 O-O 10. b4 Bb6 11. Nc3 a5 12. Bd2 Bc7 13. Bxg6 fxg6 14. Nb5 a4 15. Bg5 Nf6 16. Nxc7 Qxc7 17. exf6 gxf6 18. Be3 e5 19. Bc5 Re8 20. Rad1 Be6 21. Qb5 Rec8 22. Rfe1 Ra6 23. h3 Kf7 24. Rd2 h5 25. Red1 g5 26. c3 g4 27. hxg4 hxg4 28. Nh4 Rh8 29. g3 Raa8 30. Rxd5 Bxd5 31. Rxd5 Qc6 32. Qd3 Qe6 33. Qg6# 1-0

[Event "FIDE Women World Blitz 2021"]
[Site "Warsaw"]
[Date "2021.12.29"]
[Round "7.1"]
[White "Berend, Elvira"]
[Black "Goraj, Barbara"]
[Result "1-0"]
[ECO "B22"]
[WhiteElo "2328"]
[BlackElo "1902"]
[Annotator "NA"]
[PlyCount "103"]
[EventDate "2021.12.29"]
[EventType "swiss"]
[EventCountry "POL"]
[Tiebreak "Cut1 Buchholz"]
[SourceTitle "playchess.com"]
[Source "ChessBase"]
[SourceQuality "1"]
[TimeControl "180+2"]

1. e4 c5 2. Nf3 Nc6 3. c3 d5 4. exd5 Qxd5 5. d4 Nf6 6. Be2 e6 7. O-O Be7 8. Be3 cxd4 9. cxd4 O-O 10. Nc3 Qa5 11. Qb3 Nb4 12. Ne5 Nbd5 13.
Bd2 Qb6 14. Qxb6 Nxb6 15. Bf3 Rd8 16. Be3 Nbd5 17. Rac1 Nxe3 18. fxe3 Rb8 19. Rfd1 Bd7 20. a3 Be8 21. Kf2 Nd7 22. Nxd7 Bxd7 23. Ne4 Bc6 24. Nc5 Bxf3 25. gxf3 b6 26. Nd3 Rbc8 27. Ne5 Bd6 28.
Nc6 Re8 29. h3 a6 30. Ke2 Rc7 31. e4 Rec8 32. d5 exd5 33. exd5 Kf8 34. Kd3 Re8 35. Re1 Rd7 36. Rxe8+ Kxe8 37. Rg1 g6 38. Re1+ Kf8 39. Rc1 Bf4 40. Rc4 Bd6 41. Nd4 Kg7 42. b4 Kf6 43. Nc6 h5 44. Re4 Kg7 45.
Kc4 b5+ 46. Kd4 Bc7 47. Kc5 Kf8 48. Re2 Rd6 49. Re7 Rxc6+ 50. Kxc6 Bf4 51. d6 g5 52. Re4 1-0